[Event "Titled Tuesday Blitz November 14 Early 2023"]
[White "Mazzilli, Piero"]
[Black "IsaqueGoncalvesSanto"]
[WhiteFideId "807087"]
[WhiteElo "2324"]
[BlackElo "1905"]
[Result "0-1"]
[Round "8"]
[TimeControl "180+1"]
[Date "2023.11.14"]
[WhiteClock "0:00:00"]
[BlackClock "0:00:10"]
[Board "163"]

1. e4 e6 2. Nf3 d5 3. Nc3 Bb4 4. e5 Ne7 5. Ne2 c5 6. c3 Ba5 7. a3 c4 8. d4 h5 9. Bg5 Qb6 10. Bxe7 Kxe7 11. Qd2 f6 12. Nf4 Kf7 13. Qc2 Rh6 14. Be2 g5 15. exf6 gxf4 16. Ne5+ Kxf6 17. Qd2 Kg7 18. Qxf4 Qc7 19. Qg5+ Kh7 20. Bxh5 Qg7 21. Qh4 Kg8 22. g4 Nc6 23. g5 Rh8 24. f4 Nxe5 25. fxe5 Bd7 26. Rf1 Be8 27. g6 Bxg6 28. Rg1 Qh6 29. Qf6 Qe3+ 0-1


[Site "https://www.chess.com"]

[Event "Titled Tuesday Blitz November 14 Early 2023"]
[White "Kornyukov, Alexey"]
[Black "Pasmendjambvirgulptipon98"]
[WhiteFideId "4150457"]
[WhiteElo "2327"]
[BlackElo "2172"]
[Result "0-1"]
[Round "8"]
[TimeControl "180+1"]
[Date "2023.11.14"]
[WhiteClock "0:00:00"]
[BlackClock "0:00:30"]
[Board "164"]

1. e4 e5 2. Nf3 Nc6 3. Bc4 Nf6 4. d3 Be7 5. Nc3 d6 6. O-O Bg4 7. h3 Bh5 8. Be3 h6 9. Nd5 Nxd5 10. exd5 Nb8 11. d4 e4 12. g4 Bg6 13. Nh2 Bg5 14. Bxg5 hxg5 15. Kg2 Qf6 16. c3 Nd7 17. Qe2 O-O-O 18. b4 Rh4 19. f3 e3 20. Qxe3 Rdh8 21. Rae1 Rxh3 22. Qe8+ Qd8 23. Qxd8+ Kxd8 24. Rh1 Nb6 25. Bb3 Bd3 26. Reg1 Kd7 27. a4 Bc4 28. Bxc4 Nxc4 29. Nf1 Rxh1 30. Rxh1 Rxh1 31. Kxh1 Nb6 32. a5 Nxd5 33. Ng3 Nxc3 34. Nh5 g6 35. Nf6+ Ke7 36. Ng8+ Ke6 37. Nh6 Ne2 38. d5+ Kf6 39. Ng8+ Ke5 40. Ne7 Nf4 41. Nc8 a6 42. Ne7 Nxd5 0-1


[Site "https://www.chess.com"]

[Event "Titled Tuesday Blitz November 14 Early 2023"]
[White "dumbernugget"]
[Black "Friedland, Moshe"]
[BlackFideId "2812843"]
[WhiteElo "1935"]
[BlackElo "2318"]
[Result "0-1"]
[Round "8"]
[TimeControl "180+1"]
[Date "2023.11.14"]
[WhiteClock "0:00:00"]
[BlackClock "0:01:14"]
[Board "165"]

1. d4 Nf6 2. c4 c5 3. d5 b5 4. cxb5 a6 5. bxa6 g6 6. Nc3 Bg7 7. e4 O-O 8. Nf3 Qa5 9. Bd2 Bxa6 10. Be2 d6 11. O-O Bxe2 12. Qxe2 Qa6 13. Qxa6 Nxa6 14. a3 Rfb8 15. Rab1 Rb3 16. Be3 Rab8 17. e5 Ng4 18. Na4 Nxe5 19. Nd2 R3b7 20. b3 Nc7 21. Nc3 Ng4 22. Nd1 Nxd5 23. h3 Ngxe3 24. Nxe3 Nxe3 25. fxe3 Bc3 26. Ne4 Rxb3 27. Nxc3 c4 28. Rxb3 Rxb3 29. Nd5 e6 30. Nf6+ Kf8 31. Ra1 c3 32. Nxh7+ Kg7 33. Kf2 c2 34. Rc1 Kxh7 35. Rxc2 Rxa3 0-1


[Site "https://www.chess.com"]

[Event "Titled Tuesday Blitz November 14 Early 2023"]
[White "parintele_chess"]
[Black "Babayeva, Nasrin"]
[BlackFideId "13416626"]
[WhiteElo "2228"]
[BlackElo "1829"]
[Result "0-1"]
[Round "8"]
[TimeControl "180+1"]
[Date "2023.11.14"]
[WhiteClock "0:00:10"]
[BlackClock "0:00:03"]
[Board "166"]

1. d4 d5 2. Bf4 Nf6 3. Nf3 e6 4. e3 c5 5. c3 Nc6 6. Nbd2 Be7 7. Bd3 Nh5 8. Bg3 Nxg3 9. hxg3 g6 10. Qe2 Qc7 11. e4 c4 12. Bc2 Qb6 13. b3 cxb3 14. axb3 Bd7 15. exd5 exd5 16. b4 O-O 17. Ne5 Nxe5 18. Qxe5 Bxb4 19. Qg5 Rfe8+ 20. Kf1 Bxc3 21. Rb1 Qxd4 22. Nf3 Qc4+ 23. Kg1 Bg7 24. Rc1 Rac8 25. Kh2 Qa2 26. Bb1 Qxf2 27. Rxc8 Rxc8 28. Qe7 Bc6 29. Ng5 d4 30. Be4 Bxe4 31. Qxe4 Rc2 32. Qe8+ Bf8 33. Qe4 d3 34. Nh3 Qe2 35. Qh4 Qxg2# 0-1


[Site "https://www.chess.com"]

[Event "Titled Tuesday Blitz November 14 Early 2023"]
[White "Manon-og, Ramon Jr."]
[Black "DonCiao"]
[WhiteFideId "5200776"]
[WhiteElo "2321"]
[BlackElo "2117"]
[Result "1-0"]
[Round "8"]
[TimeControl "180+1"]
[Date "2023.11.14"]
[WhiteClock "0:02:10"]
[BlackClock "0:00:00"]
[Board "167"]

1. e4 c5 2. Nf3 Nc6 3. Bb5 g6 4. O-O Bg7 5. Qe2 Nf6 6. c3 O-O 7. Rd1 e5 8. d4 exd4 9. cxd4 cxd4 10. Nxd4 Nxd4 11. Rxd4 d5 12. Nc3 Bg4 13. f3 Be6 14. Be3 a6 15. Ba4 Nh5 16. Rd2 d4 17. Rad1 dxe3 18. Rxd8 Raxd8 19. Qxe3 Bxc3 20. Qxc3 1-0


[Site "https://www.chess.com"]

[Event "Titled Tuesday Blitz November 14 Early 2023"]
[White "campochess"]
[Black "Fernandez Hernandez, Gerardo"]
[BlackFideId "2207400"]
[WhiteElo "2183"]
[BlackElo "2114"]
[Result "1-0"]
[Round "8"]
[TimeControl "180+1"]
[Date "2023.11.14"]
[WhiteClock "0:00:53"]
[BlackClock "0:00:00"]
[Board "168"]

1. c4 e5 2. Nc3 Nc6 3. g3 g6 4. Bg2 Bg7 5. e3 d6 6. Nge2 f5 7. d4 Nf6 8. O-O O-O 9. b3 e4 10. Bb2 Ne7 11. d5 Ng4 12. Nf4 Ne5 13. Na4 Bd7 14. Rc1 b6 15. Bxe5 Bxe5 16. Nc3 Bxf4 17. gxf4 Kf7 18. b4 a5 19. a3 axb4 20. axb4 Ra3 21. c5 bxc5 22. bxc5 Ng8 23. c6 Bc8 24. Nb5 Rd3 25. Qc2 Nf6 26. Rfd1 Rxd5 27. Rxd5 Nxd5 28. Bf1 Nf6 29. Rd1 Be6 30. Nd4 d5 31. Rb1 Re8 32. Rb7 Re7 33. Qc5 Qd6 34. Qxd6 cxd6 35. Nb5 Ne8 36. Rb8 Nc7 37. Nd4 h5 38. Rd8 Re8 39. Rxd6 Ke7 40. Rxe6+ Nxe6 41. Nb5 1-0


[Site "https://www.chess.com"]

[Event "Titled Tuesday Blitz November 14 Early 2023"]
[White "Cardenas Carbajal, Nilson"]
[Black "Smirnov, Timofey"]
[WhiteFideId "8401128"]
[BlackFideId "24176427"]
[WhiteElo "2173"]
[BlackElo "2086"]
[Result "1-0"]
[Round "8"]
[TimeControl "180+1"]
[Date "2023.11.14"]
[WhiteClock "0:00:30"]
[BlackClock "0:00:00"]
[Board "169"]

1. e4 e5 2. Nf3 Nf6 3. Nxe5 d6 4. Nf3 Nxe4 5. Nc3 Nxc3 6. dxc3 Be7 7. Be3 Nc6 8. Qd2 O-O 9. O-O-O Ne5 10. Be2 Be6 11. Nd4 Bd7 12. h3 Nc6 13. g4 Nxd4 14. cxd4 d5 15. f4 Bd6 16. Bd3 Qe7 17. Rde1 Rfe8 18. f5 f6 19. g5 Qf8 20. Reg1 Re7 21. gxf6 Qxf6 22. Bg5 Qf7 23. Bxe7 Bxe7 24. Qf4 h6 25. Qxh6 Bf6 26. Qf4 c6 27. h4 Kf8 28. h5 Ke7 29. h6 gxh6 30. Rxh6 Kd8 31. Rhg6 b6 32. Qd6 1-0


[Site "https://www.chess.com"]

[Event "Titled Tuesday Blitz November 14 Early 2023"]
[White "Feliz Dotel, Dewar Bienvenido"]
[Black "Vargas, Mauricio"]
[WhiteFideId "6402801"]
[BlackFideId "4404572"]
[WhiteElo "2152"]
[BlackElo "1857"]
[Result "1-0"]
[Round "8"]
[TimeControl "180+1"]
[Date "2023.11.14"]
[WhiteClock "0:00:05"]
[BlackClock "0:00:06"]
[Board "171"]

1. d4 d5 2. e3 c6 3. Nf3 Bg4 4. h3 Bh5 5. g4 Bg6 6. Ne5 Nd7 7. h4 Nxe5 8. dxe5 h6 9. h5 Be4 10. f3 Bh7 11. Bd3 Bxd3 12. Qxd3 Qc7 13. f4 e6 14. Bd2 c5 15. Qb5+ Kd8 16. Bc3 Ne7 17. Nd2 Nc6 18. O-O-O c4 19. Nxc4 a6 20. Qb6 Kc8 21. Qxc7+ Kxc7 22. Na5 Bc5 23. Rhe1 Rhd8 24. Nb3 Ba7 25. Bd4 Nxd4 26. Nxd4 Rac8 27. c3 Kb8 28. Kd2 Rc4 29. f5 Re8 30. fxe6 fxe6 31. Rf1 Re7 32. Rf8+ Kc7 33. Rdf1 Kd7 34. Ra8 Bb6 35. Rb8 Kc7 36. Rff8 Ba7 37. Ra8 Kb6 38. Rae8 Rxe8 39. Rxe8 Kc7 40. Rxe6 Bb8 41. Rg6 Kd8 42. Rxg7 Bxe5 43. Rh7 Rc7 44. Ne6+ Kc8 45. Nxc7 Bxc7 46. Rxh6 Kd7 47. Rf6 Bd8 48. Rf5 Kd6 49. h6 Ke6 50. h7 Bf6 51. Rxf6+ Kxf6 52. h8=Q+ Kg6 53. Qh5+ Kf6 54. g5+ Kf5 55. g6+ Ke4 56. g7 b5 57. g8=Q b4 58. Qe6# 1-0


[Site "https://www.chess.com"]

[Event "Titled Tuesday Blitz November 14 Early 2023"]
[White "Hartikainen, Jarmo"]
[Black "Villafane Gomez, Jaime"]
[WhiteFideId "503134"]
[BlackFideId "4426517"]
[WhiteElo "2149"]
[BlackElo "1739"]
[Result "1-0"]
[Round "8"]
[TimeControl "180+1"]
[Date "2023.11.14"]
[WhiteClock "0:00:52"]
[BlackClock "0:00:06"]
[Board "172"]

1. e4 e6 2. d4 d5 3. Nd2 Nf6 4. e5 Nfd7 5. Bd3 c5 6. c3 Nc6 7. Ne2 Qb6 8. Nf3 cxd4 9. cxd4 f6 10. exf6 Nxf6 11. a3 Bd6 12. Qc2 Bd7 13. Bg5 Rc8 14. Qb1 Qd8 15. O-O Qe7 16. Re1 O-O 17. Ng3 Qf7 18. b4 a6 19. Qb2 Ne7 20. Rac1 Nf5 21. Qb1 Nxg3 22. hxg3 g6 23. Bh6 Rfe8 24. Ng5 Qe7 25. Bxg6 hxg6 26. Qxg6+ Kh8 27. Nf7+ Qxf7 28. Qxf7 Re7 29. Qxf6+ Kh7 1-0


[Site "https://www.chess.com"]

[Event "Titled Tuesday Blitz November 14 Early 2023"]
[White "vovasev"]
[Black "missponyo10"]
[WhiteElo "2078"]
[BlackElo "2133"]
[Result "1/2-1/2"]
[Round "8"]
[TimeControl "180+1"]
[Date "2023.11.14"]
[WhiteClock "0:00:47"]
[BlackClock "0:00:46"]
[Board "173"]

1. e4 c5 2. Nf3 d6 3. d4 cxd4 4. Qxd4 Nc6 5. Bb5 Bd7 6. Bxc6 Bxc6 7. c4 Nf6 8. Nc3 g6 9. O-O Bg7 10. Bg5 O-O 11. Qd3 Qc7 12. Rac1 b6 13. Bxf6 Bxf6 14. b3 Qb7 15. Nd5 Bg7 16. Rcd1 e6 17. Nc3 Bxc3 18. Qxc3 Bxe4 19. Rxd6 Rad8 20. Rxd8 Rxd8 21. Ne5 Bxg2 22. Re1 f6 23. Ng4 Bh1 24. Nxf6+ Kf7 25. f3 Qxf3 26. Qxf3 Bxf3 27. Nxh7 Bg4 28. h3 Bf5 29. Ng5+ Kf6 30. h4 Rd2 31. Rxe6+ Bxe6 32. Ne4+ Kf5 33. Nxd2 Kg4 34. Ne4 Kxh4 35. c5 bxc5 36. Nxc5 Bd5 37. a3 Kg4 38. b4 Kf5 39. a4 Ke5 40. b5 Kd4 41. Nd7 Be6 42. b6 axb6 43. Nxb6 Kc5 44. a5 Kb5 45. Na8 Kxa5 46. Kf2 Kb5 47. Nc7+ Kc6 48. Nxe6 g5 49. Nxg5 1/2-1/2


[Site "https://www.chess.com"]

[Event "Titled Tuesday Blitz November 14 Early 2023"]
[White "Clawitter, Craig"]
[Black "Vila Dupla, Aurelio"]
[WhiteFideId "2023105"]
[BlackFideId "2203383"]
[WhiteElo "2289"]
[BlackElo "2189"]
[Result "1/2-1/2"]
[Round "8"]
[TimeControl "180+1"]
[Date "2023.11.14"]
[WhiteClock "0:00:29"]
[BlackClock "0:01:11"]
[Board "174"]

1. e4 c5 2. Nf3 d6 3. d4 cxd4 4. Nxd4 Nf6 5. Nc3 g6 6. Be3 Bg7 7. f3 O-O 8. Qd2 Nc6 9. Bc4 Bd7 10. O-O-O Qa5 11. Bb3 Rfc8 12. Kb1 Ne5 13. h4 Rc5 14. h5 Rxc3 15. bxc3 Nxh5 16. Bh6 Bxh6 17. Qxh6 Qxc3 18. g4 Nf6 19. g5 Nh5 20. Rxh5 gxh5 21. f4 Nc4 22. Bxc4 Qxc4 23. f5 Qb4+ 24. Kc1 Qa3+ 25. Kb1 Qb4+ 26. Kc1 Qa3+ 27. Kb1 Qb4+ 1/2-1/2


[Site "https://www.chess.com"]

[Event "Titled Tuesday Blitz November 14 Early 2023"]
[White "Nakamura, Hikaru"]
[Black "Sychev, Klementy"]
[WhiteFideId "2016192"]
[BlackFideId "4114060"]
[WhiteElo "3333"]
[BlackElo "2942"]
[Result "1-0"]
[Round "9"]
[TimeControl "180+1"]
[Date "2023.11.14"]
[WhiteClock "0:00:24"]
[BlackClock "0:00:00"]
[Board "1"]

1. Nf3 Nf6 2. e3 d5 3. b3 c5 4. Bb2 e6 5. g3 Nc6 6. Bg2 Be7 7. O-O O-O 8. c4 d4 9. exd4 cxd4 10. Re1 a5 11. Na3 a4 12. d3 Re8 13. Nb5 Bb4 14. Re2 Bc5 15. bxa4 e5 16. Nd2 Bg4 17. Bf3 Bxf3 18. Nxf3 e4 19. Nd2 e3 20. Nb3 Ng4 21. Nxc5 exf2+ 22. Rxf2 Nxf2 23. Kxf2 Qg5 24. Ne4 Qe3+ 25. Kg2 Ne5 26. Nf2 Rad8 27. Bc1 Nxc4 28. Bxe3 Nxe3+ 29. Kg1 Nxd1 30. Rxd1 Re2 31. a3 g6 32. Kf1 Rb2 33. Re1 Kf8 34. Re2 Rb1+ 35. Kg2 Re8 36. Rc2 Rb3 37. Ra2 Ra8 38. Nxd4 Rb1 39. Ne2 Re1 40. Nc3 Rc1 41. Nb5 Rxa4 42. Ne4 Kg7 43. Ned6 Ra5 44. Re2 Ra4 45. Re7 Rc2+ 46. Kf3 Kh6 47. Nxf7+ Kg7 48. Nfd6+ Kf6 49. Rxh7 Ra6 50. Ne4+ Kf5 51. Nd4+ 1-0


[Site "https://www.chess.com"]

[Event "Titled Tuesday Blitz November 14 Early 2023"]
[White "Andreikin, Dmitry"]
[Black "Bortnyk, Olexandr"]
[WhiteFideId "4158814"]
[BlackFideId "14120828"]
[WhiteElo "3134"]
[BlackElo "3019"]
[Result "1-0"]
[Round "9"]
[TimeControl "180+1"]
[Date "2023.11.14"]
[WhiteClock "0:00:38"]
[BlackClock "0:00:03"]
[Board "2"]

1. d4 Nf6 2. c4 g6 3. Nc3 Bg7 4. e4 d6 5. h3 O-O 6. Be3 e5 7. d5 a5 8. Bd3 Na6 9. Nge2 c6 10. Qd2 h5 11. O-O Nd7 12. Rad1 Qe7 13. dxc6 bxc6 14. Bb1 Rb8 15. b3 f5 16. Qxd6 Qxd6 17. Rxd6 f4 18. Bc1 Rf6 19. Rfd1 Nac5 20. Ba3 Kf7 21. Kf1 Bf8 22. Rxf6+ Nxf6 23. Ng1 Ncxe4 24. Nxe4 Bxa3 25. Nf3 Nxe4 26. Bxe4 Kf6 27. Rd8 g5 28. Rg8 g4 29. hxg4 hxg4 30. Rg6+ Ke7 31. Nxe5 Rb6 32. Nxc6+ Kf8 33. Bd5 Ke8 34. Bf7+ Kd7 35. Be6+ Kxc6 36. Bxc8+ Kc7 37. Rxb6 Kxb6 38. Bxg4 Bd6 39. Ke2 Kc5 40. Bd7 Kb4 41. Kf3 Ka3 42. g4 fxg3 43. fxg3 Kxa2 44. Ba4 Ka3 45. g4 Kb4 46. Ke4 Kc5 47. g5 Bf8 48. Ke5 Bg7+ 49. Ke6 1-0


[Site "https://www.chess.com"]

[Event "Titled Tuesday Blitz November 14 Early 2023"]
[White "Oparin, Grigoriy"]
[Black "Lazavik, Denis"]
[WhiteFideId "24125890"]
[BlackFideId "13515110"]
[WhiteElo "3006"]
[BlackElo "3068"]
[Result "0-1"]
[Round "9"]
[TimeControl "180+1"]
[Date "2023.11.14"]
[WhiteClock "0:00:06"]
[BlackClock "0:00:08"]
[Board "3"]

1. e4 e5 2. Nf3 Nc6 3. Bc4 Bc5 4. d3 Nf6 5. O-O d6 6. c3 a6 7. a4 Ba7 8. Nbd2 O-O 9. h3 h6 10. Re1 Re8 11. b4 Be6 12. Bxe6 Rxe6 13. Qc2 Qd7 14. Rb1 Rae8 15. b5 axb5 16. axb5 Ne7 17. Nc4 Ng6 18. b6 cxb6 19. Qa2 Bb8 20. Nxb6 Qd8 21. c4 Bc7 22. Nd5 Nxd5 23. cxd5 Rf6 24. Nh2 Nh4 25. Rxb7 Rg6 26. g3 Qc8 27. Kh1 Qxb7 28. gxh4 h5 29. Qe2 Qc8 30. Qf3 Bd8 31. Be3 Bxh4 32. Rg1 Rxg1+ 33. Kxg1 g6 34. Kg2 Qd8 35. Qe2 Bg5 36. Nf3 Bxe3 37. Qxe3 Qf6 38. Qh6 Rc8 39. Qd2 Kg7 40. Qb2 g5 41. Nh2 Qf4 42. Qe2 Kg6 43. Nf1 g4 44. Ng3 Kg5 45. hxg4 hxg4 46. Nf5 Rh8 47. Ng3 f6 48. Qd1 Rh2+ 49. Kxh2 Qxf2+ 50. Kh1 Qxg3 51. Qc1+ Qf4 52. Qc7 Kh4 53. Qxd6 Qf1+ 54. Kh2 g3# 0-1


[Site "https://www.chess.com"]

[Event "Titled Tuesday Blitz November 14 Early 2023"]
[White "Alekseenko, Kirill"]
[Black "Terry, Renato"]
[WhiteFideId "4135539"]
[BlackFideId "3803457"]
[WhiteElo "2941"]
[BlackElo "3024"]
[Result "1-0"]
[Round "9"]
[TimeControl "180+1"]
[Date "2023.11.14"]
[WhiteClock "0:00:07"]
[BlackClock "0:00:02"]
[Board "4"]

1. e4 g6 2. d4 Bg7 3. Nc3 c6 4. f4 d5 5. e5 Nh6 6. Nf3 Bg4 7. Be2 f6 8. O-O O-O 9. h3 Bxf3 10. Bxf3 e6 11. Ne2 Nf5 12. g3 fxe5 13. dxe5 Qb6+ 14. Kg2 Na6 15. c3 Rad8 16. a4 Nc5 17. a5 Qb5 18. Nd4 Nxd4 19. cxd4 Nb3 20. Ra3 Nxa5 21. Qa4 Qxa4 22. Rxa4 b6 23. Be2 Ra8 24. Bd2 Nb3 25. Be3 a5 26. Bd1 b5 27. Ra3 a4 28. Bxb3 axb3 29. Rfa1 Rxa3 30. Rxa3 Rc8 31. Kf3 Bf8 32. Ra1 Rc7 33. Ke2 c5 34. dxc5 Bxc5 35. Rc1 Bb6 36. Rxc7 Bxc7 37. Kd3 Ba5 38. Bd2 Bb6 39. Be3 Ba5 40. g4 Kf7 41. Bc5 h5 42. Be3 hxg4 43. hxg4 Ke8 44. Bd2 b4 45. Be3 Kd7 46. Bc5 Kc6 47. Bf8 Kb5 48. Be7 Bb6 49. Bf8 Bf2 50. Be7 Bg3 51. Bg5 Bf2 52. Bf6 Bc5 53. Bg5 Kc6 54. Bh4 Bb6 55. Be1 Bc5 56. Bd2 Kb5 57. Be1 Bb6 58. Bh4 Ba7 59. Be7 Ka4 60. f5 exf5 61. gxf5 gxf5 62. e6 Kb5 63. Bxb4 Kc6 64. Bf8 Bb6 65. Bb4 Bf2 66. Ba3 Bh4 67. Kd4 Bf6+ 68. Ke3 Be5 69. Kd3 f4 70. Ke2 Bd6 71. e7 Bxe7 72. Bxe7 d4 73. Bf6 Kd5 74. Kd3 f3 75. Bxd4 Kc6 76. Ke3 Kd5 77. Bc3 Kc4 78. Kxf3 Kd3 79. Kf4 1-0


[Site "https://www.chess.com"]

[Event "Titled Tuesday Blitz November 14 Early 2023"]
[White "Niemann, Hans Moke"]
[Black "Baskakov, Egor"]
[WhiteFideId "2093596"]
[BlackFideId "24197866"]
[WhiteElo "3040"]
[BlackElo "2920"]
[Result "1-0"]
[Round "9"]
[TimeControl "180+1"]
[Date "2023.11.14"]
[WhiteClock "0:00:10"]
[BlackClock "0:00:06"]
[Board "5"]

1. e4 c5 2. Nf3 Nf6 3. e5 Nd5 4. Nc3 e6 5. g3 Nc6 6. Bg2 d6 7. exd6 Bxd6 8. O-O O-O 9. d3 Nxc3 10. bxc3 Qc7 11. Ng5 h6 12. Ne4 Be7 13. Re1 b6 14. Qh5 Bb7 15. h4 Rae8 16. Bd2 Bd8 17. g4 f5 18. gxf5 Qe5 19. f4 Qxf5 20. Qxf5 exf5 21. Nd6 Rxe1+ 22. Rxe1 Ba8 23. h5 Bh4 24. Re2 g6 25. hxg6 Kg7 26. Re6 Ne7 27. Bxa8 Rxa8 28. c4 Rf8 29. Bc3+ Kg8 30. g7 Rd8 31. Rxh6 1-0


[Site "https://www.chess.com"]

[Event "Titled Tuesday Blitz November 14 Early 2023"]
[White "Martinez Alcantara, Jose Eduardo"]
[Black "Chigaev, Maksim"]
[WhiteFideId "3805662"]
[BlackFideId "4108116"]
[WhiteElo "3032"]
[BlackElo "2918"]
[Result "1/2-1/2"]
[Round "9"]
[TimeControl "180+1"]
[Date "2023.11.14"]
[WhiteClock "0:00:03"]
[BlackClock "0:00:04"]
[Board "6"]

1. e4 e5 2. Bc4 Nf6 3. d3 Bc5 4. Nc3 d6 5. h3 Be6 6. Bb3 Nc6 7. Be3 Bxe3 8. fxe3 d5 9. exd5 Nxd5 10. Qf3 Nxc3 11. bxc3 Qh4+ 12. Qf2 Qe7 13. e4 O-O-O 14. Nf3 f6 15. O-O Kb8 16. Bxe6 Qxe6 17. a4 Na5 18. Rab1 Ka8 19. Kh1 b6 20. Nh4 Rd7 21. c4 Qc6 22. Ra1 Qc5 23. Qg3 Nc6 24. Nf5 Nb4 25. Ne3 a5 26. Qf2 Rhd8 27. Qe2 c6 28. Rab1 Ka7 29. Rfd1 g6 30. Ng4 Rd6 31. Rf1 Rf8 32. Rf3 h5 33. Ne3 Na2 34. Qe1 Nb4 35. Qg3 Rg8 36. Rbf1 Ka6 37. Rxf6 h4 38. Qe1 Rxf6 39. Rxf6 Rf8 40. Rxf8 Qxf8 41. Qxh4 Qf4 42. Qd8 Kb7 43. Qd7+ Kb8 44. Qd8+ Kb7 45. Qe7+ Kb8 46. Qe8+ Kb7 47. Qe7+ Kb8 48. Qd6+ Kb7 49. Ng4 Qf1+ 50. Kh2 Qf4+ 51. Kg1 Qc1+ 52. Kf2 Qxc2+ 53. Ke3 Qc1+ 54. Ke2 Qc2+ 55. Ke3 Qc1+ 56. Kf2 Qd2+ 57. Kf3 Nxd3 58. Qd7+ Kb8 59. Qd8+ Kb7 60. Qd7+ Kb8 61. Qe8+ Ka7 62. Qd7+ Kb8 1/2-1/2


[Site "https://www.chess.com"]

[Event "Titled Tuesday Blitz November 14 Early 2023"]
[White "Daneshvar, Bardiya"]
[Black "Zhigalko, Sergei"]
[WhiteFideId "12576468"]
[BlackFideId "13502956"]
[WhiteElo "2993"]
[BlackElo "2918"]
[Result "1-0"]
[Round "9"]
[TimeControl "180+1"]
[Date "2023.11.14"]
[WhiteClock "0:00:52"]
[BlackClock "0:00:00"]
[Board "7"]

1. Nf3 d5 2. e3 Nf6 3. c4 e6 4. Nc3 Bd6 5. b3 O-O 6. Bb2 b6 7. cxd5 exd5 8. Rc1 a6 9. g3 Bb7 10. Bg2 Nbd7 11. O-O Re8 12. Ne2 Nc5 13. d3 Bf8 14. Nf4 a5 15. Nd4 g6 16. Rc2 Bg7 17. Qd2 Ng4 18. Rfc1 Qd7 19. Ba3 Na6 20. Nc6 Bxc6 21. Rxc6 Ne5 22. R6c2 d4 23. exd4 Qxd4 24. Bb2 Qd6 25. d4 Ng4 26. Bxa8 Rxa8 27. Qe2 Qd7 28. Qf3 Re8 29. Re2 Rxe2 30. Qxe2 h5 31. Qxa6 Bxd4 32. Bxd4 Qxd4 33. Qe2 Ne5 34. Re1 f6 35. Rd1 Qc3 36. Nd5 Qc5 37. Nxf6+ Kg7 38. Nd7 Nxd7 39. Rxd7+ Kh6 40. Qe3+ 1-0


[Site "https://www.chess.com"]

[Event "Titled Tuesday Blitz November 14 Early 2023"]
[White "Kamsky, Gata"]
[Black "Khismatullin, Denis"]
[WhiteFideId "2000024"]
[BlackFideId "4142578"]
[WhiteElo "2912"]
[BlackElo "2962"]
[Result "1/2-1/2"]
[Round "9"]
[TimeControl "180+1"]
[Date "2023.11.14"]
[WhiteClock "0:00:22"]
[BlackClock "0:00:05"]
[Board "8"]

1. e4 c5 2. Nf3 d6 3. d4 cxd4 4. Nxd4 Nf6 5. Nc3 a6 6. a4 g6 7. Be2 Bg7 8. O-O O-O 9. Be3 Nc6 10. Qd2 Bd7 11. Rfd1 Rc8 12. f3 Qc7 13. Nxc6 Bxc6 14. a5 Nd7 15. Ra2 Be5 16. b3 e6 17. Bd4 Rfd8 18. h3 d5 19. exd5 exd5 20. Bf1 Re8 21. Ne2 Bb5 22. Bxe5 Nxe5 23. Nd4 Bxf1 24. Rxf1 Nc6 25. f4 Re4 26. Nxc6 Qxc6 27. f5 Rce8 28. fxg6 hxg6 29. Qf2 R8e7 30. Qf6 Qc5+ 31. Qf2 d4 32. Ra4 Re2 33. Qxd4 Qxd4+ 34. Rxd4 Rxc2 35. Rf2 Re1+ 36. Rf1 Ree2 37. Rg4 Kg7 38. b4 Rb2 39. h4 f6 40. Rf3 Kf7 41. Rfg3 Re1+ 42. Kh2 Rbb1 43. Rc3 Rh1+ 44. Kg3 Rhc1 45. Rxc1 Rxc1 46. Rd4 Ke6 47. Rg4 Rc3+ 48. Kh2 Kf5 49. Rd4 Ke5 50. Rg4 Rb3 51. Rxg6 Rxb4 52. Kh3 Rb1 53. g4 Rb3+ 54. Kg2 Kf4 55. h5 Rb2+ 56. Kf1 Kf3 57. Rxf6+ Kxg4 58. h6 Rh2 59. Rb6 Kg5 60. Rxb7 Rxh6 61. Rb6 Rf6+ 62. Ke2 Kf5 63. Kd3 Ke5 64. Rxf6 Kxf6 65. Kd4 Ke6 66. Kc5 Kd7 67. Kb6 Kc8 68. Kxa6 Kb8 69. Kb6 Ka8 70. a6 Kb8 71. a7+ Ka8 72. Ka6 1/2-1/2


[Site "https://www.chess.com"]

[Event "Titled Tuesday Blitz November 14 Early 2023"]
[White "Galchenko, Matvey"]
[Black "Steinberg, Nitzan"]
[WhiteFideId "24175480"]
[BlackFideId "2801795"]
[WhiteElo "2952"]
[BlackElo "2905"]
[Result "1-0"]
[Round "9"]
[TimeControl "180+1"]
[Date "2023.11.14"]
[WhiteClock "0:00:12"]
[BlackClock "0:00:01"]
[Board "9"]

1. e4 c5 2. c3 d5 3. exd5 Nf6 4. Qa4+ Nbd7 5. Qb3 Nb6 6. c4 e6 7. dxe6 Bxe6 8. d3 Bd6 9. Be2 O-O 10. Nf3 Re8 11. Nc3 h6 12. O-O Bf5 13. Re1 a6 14. h3 Qc7 15. Be3 Rad8 16. d4 Nbd7 17. d5 Rxe3 18. fxe3 Re8 19. Bf1 Bg3 20. Red1 Rxe3 21. d6 Qb8 22. Rd2 Bxd6 23. Qd1 Bf4 24. Nd5 Re8 25. Nxf4 Qxf4 26. Re2 Ne4 27. Qc1 Qc7 28. Qe1 Ndf6 29. Rd1 Kh7 30. Re3 Qf4 31. Bd3 g6 32. Bxe4 Nxe4 33. Nd2 h5 34. Nxe4 Bxe4 35. Qf2 Qxf2+ 36. Kxf2 Re7 37. g4 hxg4 38. hxg4 Kg7 39. g5 f5 40. gxf6+ Kxf6 41. Rde1 Kf5 42. Kg3 g5 43. b3 b6 44. Kf2 Kf4 45. Rf3+ Ke5 46. Rxe4+ Kxe4 47. Re3+ 1-0


[Site "https://www.chess.com"]

[Event "Titled Tuesday Blitz November 14 Early 2023"]
[White "Kozak, Antoni"]
[Black "Nihal Sarin"]
[WhiteFideId "21832030"]
[BlackFideId "25092340"]
[WhiteElo "2847"]
[BlackElo "3107"]
[Result "0-1"]
[Round "9"]
[TimeControl "180+1"]
[Date "2023.11.14"]
[WhiteClock "0:00:02"]
[BlackClock "0:00:05"]
[Board "10"]

1. Nf3 d5 2. e3 Nf6 3. c4 e6 4. b3 b6 5. Bb2 Bb7 6. cxd5 exd5 7. g3 Nbd7 8. Bg2 Bd6 9. O-O a6 10. Nc3 O-O 11. Ne2 Re8 12. Rc1 g6 13. Nf4 Qe7 14. Rc2 a5 15. Nd4 a4 16. Nb5 axb3 17. axb3 c6 18. Nxd6 Qxd6 19. Rc1 Ra2 20. Qc2 Rea8 21. Ra1 Qb4 22. Nd3 Qb5 23. Rfb1 c5 24. Rxa2 Rxa2 25. Ra1 Rxa1+ 26. Bxa1 Qa6 27. Bc3 Ne4 28. Bb2 Qa5 29. b4 Qb5 30. bxc5 bxc5 31. Nf4 Qb4 32. Bc1 c4 33. h3 Ndc5 34. g4 g5 35. Nh5 Qb3 36. Bxe4 dxe4 37. Qb2 Ne6 38. Nf6+ Kf8 39. Nh5 Ke8 40. Nf6+ Kd8 41. Nxh7 Kc8 42. Qxb3 cxb3 43. Ba3 Kd7 44. Kg2 Kc6 45. Kg3 Kb5 46. h4 gxh4+ 47. Kxh4 Kc4 48. Nf6 Kd3 49. Nd7 Kc2 50. Ne5 Nc7 51. Nc4 Nb5 52. Bb2 Bd5 53. Nb6 Kxb2 54. Nxd5 Kc1 55. Nf4 b2 56. d3 b1=Q 57. Ne2+ Kd2 58. Nf4 exd3 0-1


[Site "https://www.chess.com"]

[Event "Titled Tuesday Blitz November 14 Early 2023"]
[White "Duda, Jan-Krzysztof"]
[Black "Rakhmanov, Aleksandr"]
[WhiteFideId "1170546"]
[BlackFideId "4173708"]
[WhiteElo "3088"]
[BlackElo "2850"]
[Result "0-1"]
[Round "9"]
[TimeControl "180+1"]
[Date "2023.11.14"]
[WhiteClock "0:00:00"]
[BlackClock "0:00:05"]
[Board "11"]

1. d4 Nf6 2. c4 d6 3. Nf3 g6 4. g3 Bg7 5. Bg2 c6 6. Nc3 Bf5 7. O-O O-O 8. Ng5 e5 9. d5 cxd5 10. Nxd5 Nc6 11. Nxf6+ Qxf6 12. Ne4 Bxe4 13. Bxe4 Rac8 14. Be3 Nd4 15. Rc1 b6 16. h4 h6 17. Qd2 Nf5 18. Rfd1 Rfd8 19. a4 Qe7 20. Bxf5 gxf5 21. Bxh6 f4 22. Bxg7 Kxg7 23. Rc3 Qf6 24. b3 fxg3 25. fxg3 d5 26. Rf3 dxc4 27. Qe1 Rxd1 28. Qxd1 Qe6 29. bxc4 Rxc4 30. Kh2 Rd4 31. Qc1 Qg6 32. Qc7 Re4 33. e3 Qh5 34. Kg2 Rxa4 35. Qc2 Qg4 36. Qf2 Qe6 37. Rf5 Ra2 0-1


[Site "https://www.chess.com"]